 Dungeon Crawl Stone Soup version 0.26-a0-812-g31a745ddcd (webtiles) character file.

Game seed: 3858322806610788641

236 Borgoz the Skirmisher (level 6, -2/52 HPs)
             Began as a Ghoul Gladiator on Dec 7, 2020.
             Slain by Pikel
             ... wielding a +2 whip of flaming
              (3 damage)
             ... on level 4 of the Dungeon.
             The game lasted 00:03:35 (3198 turns).

Borgoz the Skirmisher (Ghoul Gladiator)             Turns: 3198, Time: 00:03:35

Health: -2/52      AC:  6    Str: 18    XL:     6   Next: 6%
Magic:  5/5        EV: 12    Int:  9    God:
Gold:   217        SH:  0    Dex: 12    Spells: 5/5 levels left

rFire    . . .     SeeInvis .   a - +1 long sword
rCold    + . .     Faith    +   (no shield)
rNeg     + + +     Spirit   .   h - +0 ring mail
rPois    ∞         Reflect  .   l - +0 helmet
rElec    .         Harm     .   (no cloak)
rCorr    .         Rampage  .   (no gloves)
MR       .....                  (no boots)
Stlth    +.........             k - amulet of faith
HPRegen  0.00/turn              g - +6 ring of intelligence
MPRegen  0.09/turn              (no ring)

@: no status effects
A: rotting body, claws 1, cold resistance 1, negative energy resistance 3,
inhibited regeneration, torment resistance, unbreathing
a: no special abilities


You were on level 4 of the Dungeon.
You visited 1 branch of the dungeon, and saw 4 of its levels.

You collected 217 gold pieces.

Inventory:

Hand Weapons
 a - a +1 long sword (weapon)
 b - a +4 dagger
Missiles
 d - a throwing net (quivered)
Armour
 h - a +0 ring mail (worn)
 l - a +0 helmet (worn)
Jewellery
 g - a +6 ring of intelligence (left claw)
 k - an amulet of faith (around neck)
Wands
 j - a wand of iceblast (13)
Scrolls
 f - 2 scrolls of blinking
 i - a scroll of remove curse
 m - 2 scrolls of enchant armour
Potions
 c - a potion of haste {unknown}
 e - a potion of heal wounds
 n - a potion of lignification {unknown}
 o - a potion of might {unknown}


   Skills:
 * Level 3.9 Fighting
 * Level 3.9 Long Blades
 - Level 1.7 Throwing
 * Level 2.7 Armour
 + Level 3.2 Dodging


You had 5 spell levels left.
You didn't know any spells.
Your spell library was empty.

Dungeon Overview and Level Annotations

Branches:
Dungeon (4/15)
 Temple: D:4-7

Altars:
Ashenzari
Elyvilon
Makhleb
Vehumet
Zin

Annotations:
D:4 Pikel


Innate Abilities, Weirdness & Mutations

Your body is rotting away.
You thrive by killing the living.
You are immune to poison.
You have sharp fingernails.
Your flesh is cold resistant. (rC+)
You are immune to negative energy. (rN+++)
You do not regenerate when monsters are visible.
You are immune to unholy pain and torment.
You can survive without breathing.


Message History

Pikel is heavily wounded.
The lemure hits you but does no damage.
Pikel struggles against the net.
You hit Pikel but do no damage.
Pikel is heavily wounded.
Pikel struggles against the net.
The lemure hits you.
* * * LOW HITPOINT WARNING * * *
You hit Pikel.
Pikel is severely wounded.
The lemure hits you.
* * * LOW HITPOINT WARNING * * *
Pikel struggles against the net.
The net rips apart, and Pikel comes free!
The lemure hits you but does no damage. Pikel hits you but does no damage.
You hit Pikel.
Pikel is severely wounded.
The lemure closely misses you.
Pikel hits you with a +2 whip of flaming!
* * * LOW HITPOINT WARNING * * *
Pikel burns you.
You die...

### ##.........[#
#...........#
##..........##
##...........#
##.#........>.#
###.###.........#
##..##
##........# #..##
##..#....# ..##
####...@# .##
#..K5# .# #...(#
## #...## # #....
# #.... # #...# #
#...


You could see Pikel and a lemure.

Vanquished Creatures
  A centaur skeleton (D:4)
  Jessica (D:3)
  A worker ant (D:3)
  Robin (D:4)
  3 gnolls (D:3)
  3 adders
  2 worms
  3 dart slugs
  6 leopard geckos
  4 giant cockroaches
  11 hobgoblins
  4 jackals (D:2)
  4 quokkas
  A ball python (D:1)
  6 bats
  4 frilled lizards
  11 goblins
  4 kobolds
  9 rats
79 creatures vanquished.

Vanquished Creatures (others)
  A worm (D:3)
  A giant cockroach (D:3)
  A goblin (D:4)
3 creatures vanquished.

Grand Total: 82 creatures vanquished

Notes
Turn   | Place    | Note
-------+----------+-------------------------------------------
     0 | D:1      | Borgoz the Ghoul Gladiator began the quest for the Orb.
     0 | D:1      | Reached XP level 1. HP: 17/17 MP: 0/0
   155 | D:1      | Reached XP level 2. HP: 25/25 MP: 1/1
   538 | D:1      | Reached skill level 1 in Armour
   823 | D:1      | Reached XP level 3. HP: 30/30 MP: 2/2
  1375 | D:2      | Reached XP level 4. HP: 38/38 MP: 3/3
  1761 | D:3      | Noticed Jessica
  1767 | D:3      | Killed Jessica
  1767 | D:3      | Reached XP level 5. HP: 45/45 MP: 4/4
  2092 | D:3      | Found a white marble altar of Elyvilon.
  2144 | D:3      | Found a radiant altar of Vehumet.
  2291 | D:3      | Found a burning altar of Makhleb.
  2295 | D:3      | Found a glowing silver altar of Zin.
  2295 | D:3      | Noticed an angel
  2296 | D:3      | Noticed a balrug
  2630 | D:3      | Found a broken altar of Ashenzari.
  2736 | D:4      | Noticed Robin
  2754 | D:4      | Killed Robin
  2755 | D:4      | HP: 1/46 [hobgoblin[Robin] (6)]
  3026 | D:4      | Reached XP level 6. HP: 36/52 MP: 5/5
  3180 | D:4      | Noticed Pikel
  3198 | D:4      | HP: 1/52 [Pikel/+2 whip of flaming (8)]
  3198 | D:4      | Slain by Pikel

Illustrated notes

Levels and vault maps discovered:
D:1:      evilmike_arrival_hilbert_curve, layout_basic, minivault_5,
          minmay_misc_feat_chi
D:2:      layout_loops_ring, corexii_item_surrounded_by_moat
D:3:      layout_loops_ring, grunt_temple_overflow_order_and_chaos_2,
          elyvilon_altar_5, fiery_altar_vehumet, nicolae_overflow_hidden_temple,
          corexii_leaking_fountain, uniq_jessica
D:4:      layout_cave_pods, minmay_temple_entry_fiery,
          kennysheep_okawaru_gauntlet, uniq_pikel, uniq_robin, uniq_grinder

Skill      XL: |  1  2  3  4 |
---------------+-------------+-----
Armour         | 1 2 |  2.7
Long Blades    | 3 |  3.9
Fighting       | 3 |  3.9
Dodging        | 3 |  3.2
Throwing       | |  1.7

Action                   |  1- 3 |  4- 6 || total
-------------------------+-------+-------++-------
Melee: Long sword        |   118 |   143 ||   261
Throw: Throwing net      |       |     2 ||     2
  Use: Scroll            |     4 |     7 ||    11
       Potion            |       |     2 ||     2
 Stab: Held in net/web   |       |     1 ||     1
Armor: Leather armour    |     1 |       ||     1
       Ring mail         |    71 |    84 ||   155
Dodge: Dodged            |   115 |   144 ||   259
       Rpst.: Long sword |    44 |    40 ||    84

Table legend: (Time is in decaauts)
 A = Elapsed time spent in this place.
 B = Non-inter-level travel time spent in this place.
 C = Inter-level travel time spent in this place.
 D = Time resting spent in this place.
 E = Time spent auto-exploring this place.
 F = Levels seen in this place.
 G = Mean time per level.
                   A        B        C        D        E       F      G
               +--------+--------+--------+--------+--------+-----+--------+
         Total |   3257 |   3135 |    122 |    479 |   2075 |   4 |  814.2 |
       Dungeon |   3257 |   3135 |    122 |    479 |   2075 |   4 |  814.2 |
               +--------+--------+--------+--------+--------+-----+--------+

Top non-repeatable levels by time:
     D:3: 1061 daAuts
     D:1: 1003 daAuts
     D:2: 697 daAuts
     D:4: 494 daAuts
